 Seeded DCSS version 0.31-a0-95-g6fa058ef04 (webtiles) character file.

Game seed: 7379329549335823698 (custom seed)

414 edwardauron the Chiller (level 6, -8/51 HPs)
             Began as a Draconian Ice Elementalist on May 25, 2023.
             Was an Initiate of Cheibriados.
             Engulfed by a steam dragon's steam (12 damage)
             ... on level 6 of the Dungeon.
             The game lasted 00:06:41 (4288 turns).

edwardauron the Chiller (DrIE)                      Turns: 4288, Time: 00:06:41

Health: -8/51      AC:  8    Str: 11    XL:     6   Next: 60%
Magic:  9/12       EV: 12    Int: 18    God:    Cheibriados [......]
Gold:   195        SH:  0    Dex: 13    Spells: 6/13 levels left

rFire   . . .        (no weapon)
rCold   . . .        (no shield)
rNeg    . . .        (body armour unavailable)
rPois   .            (helmet restricted)
rElec   .            (no cloak)
rCorr   .            (no gloves)
SInv    .            c - +1 pair of boots
Will    +....        (no amulet)
Stlth   ++           (no ring)
HPRegen 0.28/turn    (no ring)
MPRegen 0.13/turn

%: no passive effects
@: enlightened, flying, hasted, quick
A: AC +6, unfitting armour, cold-blooded
a: Renounce Religion


You were on level 6 of the Dungeon.
You worshipped Cheibriados.
Cheibriados was noncommittal.
You visited 1 branch of the dungeon, and saw 5 of its levels.

You collected 195 gold pieces.

Inventory:

Armour
 c - a +1 pair of boots (worn)
Wands
 h - a wand of flame (12)
 o - a wand of polymorph (5)
 p - a wand of roots (5)
Scrolls
 b - 2 scrolls of magic mapping {unknown}
 d - 5 scrolls of identify {unknown}
 e - 2 scrolls of fog {unknown}
 f - 2 scrolls of enchant armour {unknown}
 g - a scroll of teleportation {unknown}
 i - a scroll of poison {unknown}
 l - a scroll of vulnerability {unknown}
 m - a scroll of blinking {unknown}
 q - 2 scrolls of amnesia {unknown}
Potions
 a - a potion of cancellation
 j - 3 potions of mutation {unknown}


   Skills:
 - Level 3.0 Fighting
 - Level 3.0 Dodging
 - Level 1.7 Stealth
 + Level 4.0 Spellcasting
 + Level 5.6 Ice Magic


You had 6 spell levels left.
You knew the following spells:

 Your Spells              Type           Power      Damage    Failure   Level
a - Freeze                Ice            92%        1d9       1%          1
b - Frozen Ramparts       Ice            46%        1d7       4%          3
c - Ozocubu's Armour      Ice            23%        N/A       4%          3

Your spell library contained the following spells:

 Spells                   Type           Power      Damage    Failure   Level
 Magic Dart               Conj           12%        1d3       14%         1
 Sandblast                Erth           6%         2d5       14%         1
 Summon Small Mammal      Summ           12%        N/A       14%         1
 Hailstorm                Conj/Ice       11%        3d5       17%         3
 Call Imp                 Summ           6%         N/A       22%         2
 Passwall                 Tmut/Erth      0%         N/A       26%         2
 Call Canine Familiar     Summ           3%         N/A       41%         3
 Stone Arrow              Conj/Erth      2%         3d7       47%         3
 Summon Guardian Golem    Hex/Summ       1%         N/A       47%         3
 Mephitic Cloud           Conj/Pois/Air  1%         N/A       50%         3
 Ice Form                 Ice/Tmut       11%        N/A       50%         4
 Summon Ice Beast         Ice/Summ       11%        N/A       50%         4
 Simulacrum               Ice/Necr       5%         N/A       100%        6
 Ozocubu's Refrigeration  Ice            11%        4d10      100%        7
 Polar Vortex             Ice            11%        N/A       100%        9


Dungeon Overview and Level Annotations

Branches:
Dungeon (4/15)
 Temple: D:4-7

Altars:
Cheibriados
Ru
Wu Jian
Xom

Shops:
D:3 [

Annotations:
D:2 Grinder


Innate Abilities, Weirdness & Mutations

Your plain brown scales are hard. (AC +6)
You cannot fit into any form of body armour.
You are cold-blooded and may be slowed by cold attacks.


Message History

The walls around you are covered in ice.
The wall freezes the steam dragon but does no damage.
The steam dragon breathes steam at you. The ball of steam hits you!!
Aiming: Fastroot
Press: ? - help, Shift-Dir - straight line, f - steam dragon
Aim: a steam dragon (steam, catching its breath)
The roots erupt in riotous growth!
Roots grab the steam dragon.
You are engulfed in a cloud of scalding steam.
The grasping roots constrict the steam dragon.
The wall freezes the steam dragon.
The steam dragon struggles to escape constriction.
A scorpion comes into view.
Attack: -) Nothing wielded
Press: ? - help, Dir - move target, f - you, p - steam dragon
Okay, then.
You are engulfed in a cloud of scalding steam.
* * * LOW HITPOINT WARNING * * *
The grasping roots constrict the steam dragon!
The roots release their grip on the steam dragon.
The wall freezes the steam dragon but does no damage.
The scorpion is engulfed in a cloud of scalding steam.
It was a potion of cancellation.
Your magical effects are unravelling.
You feel magically purged.
You are engulfed in a cloud of scalding steam.
* * * LOW HITPOINT WARNING * * *
The frozen ramparts melt away.
It was a potion of enlightenment.
You feel very buoyant.
You fly up into the air.
You are engulfed in a cloud of scalding steam.
* * * LOW HITPOINT WARNING * * *
The steam dragon misses you.
The steam dragon claws you but does no damage.
It was a potion of haste.
You feel yourself speed up.
Cheibriados forgives your accidental hurry, just this once.
You are engulfed in a cloud of scalding steam.
You die...

#. ... #. .. ## #.# ..## .
..# ... #.#
.....#########.###########
.......sD@ยงยง..............
###############.#########.
#.# ## #.# #.. ###


You could see a steam dragon and a scorpion.

Vanquished Creatures
  A bullfrog (D:6)
  A howler monkey (D:4)
  A hound (D:4)
  Terence (D:2)
  4 orc wizards
  Robin (D:2)
  4 adders
  An ufetubus (D:4)
  A worm (D:3)
  2 dart slugs
  15 orcs
  8 bats
  5 endoplasms
  11 goblins
  9 hobgoblins
  7 jackals
  2 quokkas (D:3)
  8 ball pythons
  A frilled lizard (D:3)
  2 kobolds
  3 rats
88 creatures vanquished.

Notes
Turn   | Place    | Note
-------+----------+-------------------------------------------
     0 | D:1      | edwardauron the Draconian Ice Elementalist began the quest
                  | for the Orb.
     0 | D:1      | Reached XP level 1. HP: 14/14 MP: 3/3
   460 | D:1      | Reached XP level 2. HP: 20/20 MP: 3/5
   933 | D:1      | Found a faded altar of an unknown god.
  1326 | D:2      | Noticed Robin
  1342 | D:2      | Killed Robin
  1343 | D:2      | Reached XP level 3. HP: 22/26 MP: 2/6
  1462 | D:2      | Noticed Terence
  1486 | D:2      | Killed Terence
  1487 | D:2      | Reached XP level 4. HP: 29/33 MP: 4/8
  1579 | D:2      | Learned a level 3 spell: Frozen Ramparts
  1583 | D:2      | Learned a level 3 spell: Ozocubu's Armour
  2255 | D:3      | Found Plog's Armour Shoppe.
  2262 | D:3      | Noticed Grinder
  2275 | D:3      | Paralysed by Grinder for 3 turns
  2344 | D:3      | Paralysed by Grinder for 5 turns
  2384 | D:2      | Paralysed by Grinder for 4 turns
  2604 | D:3      | Found an ornate altar of the Wu Jian Council.
  2739 | D:3      | Reached XP level 5. HP: 39/39 MP: 5/9
  2831 | D:3      | Reached skill level 1 in Fighting
  3185 | D:4      | Reached skill level 5 in Ice Magic
  3378 | D:4      | Found a sacrificial altar of Ru.
  3647 | D:4      | Reached XP level 6. HP: 45/48 MP: 6/11
  3739 | D:4      | Found a shimmering altar of Xom.
  3739 | D:4      | Found a snail-covered altar of Cheibriados.
  3781 | D:4      | Became a worshipper of Cheibriados the Contemplative
  3985 | D:4      | You fall into a shaft and drop 2 floors!
  4278 | D:6      | Noticed a steam dragon
  4288 | D:6      | Engulfed by a steam dragon's steam

Illustrated notes

Levels and vault maps discovered:
D:1:      psy_arrival_terrarium, layout_basic, dreamdust_ecumenical_altar_grove
D:2:      layout_basic, uniq_terence, uniq_robin
D:3:      layout_basic, old_standard_altar, serial_shops, shop,
          dreamdust_mushroom_princess, uniq_grinder
D:4:      minmay_general_purpose_star, layout_cave_pools,
          nicolae_ru_great_annihilating_truth,
          gammafunk_temple_overflow_elements, serial_bayou, serial_bayou_pond_a,
          serial_bayou_ford_a, serial_bayou_lagoon_a, serial_bayou_lake_a
D:6:      layout_rooms, minmay_temple_entry_offerings

Skill      XL: |  1  2  3  4  5  6 |
---------------+-------------------+-----
Dodging        | 2 3 |  3.0
Spellcasting   | 3 4 |  4.0
Fighting       | 2 3 |  3.0
Ice Magic      | 5 |  5.6
Stealth        | |  1.7

Action                     |  1- 3 |  4- 6 || total
---------------------------+-------+-------++-------
  Melee: Unarmed           |    16 |    22 ||    38
         Tailslap          |     4 |     3 ||     7
         Punch             |     1 |       ||     1
   Cast: Freeze            |    48 |    93 ||   141
         Frozen Ramparts   |       |     9 ||     9
  Evoke: Wand              |       |     2 ||     2
    Use: Potion            |     2 |     4 ||     6
 Armour: Skin              |    29 |    48 ||    77
  Dodge: Dodged            |    43 |    56 ||    99

Table legend: (Time is in decaauts)
 A = Elapsed time spent in this place.
 B = Non-inter-level travel time spent in this place.
 C = Inter-level travel time spent in this place.
 D = Time resting spent in this place.
 E = Time spent auto-exploring this place.
 F = Levels seen in this place.
 G = Mean time per level.
                   A        B        C        D        E       F      G
               +--------+--------+--------+--------+--------+-----+--------+
         Total |   4408 |   4313 |     95 |    471 |   3090 |   5 |  881.6 |
       Dungeon |   4408 |   4313 |     95 |    471 |   3090 |   5 |  881.6 |
               +--------+--------+--------+--------+--------+-----+--------+

Top non-repeatable levels by time:
     D:1: 1193 daAuts
     D:2: 1008 daAuts
     D:3: 943 daAuts
     D:4: 909 daAuts
     D:6: 353 daAuts
